 Dungeon Crawl Stone Soup version 0.22.1-2-g9c5b331 (webtiles) character file.

198 TheAlmogaver the Magician (level 5, -4/37 HPs)
             Began as a Gnoll Wizard on Dec 18, 2018.
             Slain by Pikel
             ... wielding a +2 whip of electrocution
              (14 damage)
             ... on level 4 of the Dungeon.
             The game lasted 00:20:53 (3605 turns).

TheAlmogaver the Magician (Gnoll Wizard)            Turns: 3605, Time: 00:20:56

Health: -4/37      AC:  5    Str:  7 (9)  XL:     5   Next: 76%
Magic:  9/14       EV: 14    Int: 18 (21) God:
Gold:   148        SH:  0    Dex: 12 (14) Spells: 7/18 levels left

rFire    . . .     SeeInvis .   y - +0 falchion
rCold    . . .     Gourm    .   (no shield)
rNeg     . . .     Faith    .   M - +0 animal skin (curse)
rPois    .         Spirit   .   G - +0 helmet
rElec    .         Reflect  .   (no cloak)
rCorr    .         Harm     .   L - +0 pair of gloves
MR       .....                  f - +0 pair of boots
Stlth    ++........             (no amulet)
HPRegen  0.12/turn              (no ring)
MPRegen  0.14/turn              (no ring)

@: hasted, quick
A: distributed training, fangs 1, strong nose
a: no special abilities


You were on level 4 of the Dungeon.
You were not hungry.

You visited 1 branch of the dungeon, and saw 5 of its levels.

You collected 148 gold pieces.

Inventory:

Hand Weapons
 c - a +0 club
 h - a +0 dagger
 y - a +0 falchion (weapon)
 A - a +3 flail
 F - a +1 mace of holy wrath
Missiles
 g - 28 stones (quivered)
Armour
 a - a +0 robe
 b - a +0 hat
 f - a +0 pair of boots (worn)
 G - a +0 helmet (worn)
 L - a +0 pair of gloves (worn)
 M - a cursed +0 animal skin (worn)
Jewellery
 k - an uncursed amulet of rage {unknown}
 q - an uncursed ring of positive energy {unknown}
 s - an uncursed amulet of regeneration {unknown}
 u - an uncursed amulet of magic regeneration {unknown}
 K - an uncursed amulet of harm {unknown}
Wands
 t - a wand of disintegration (17)
 x - a wand of random effects (30)
Scrolls
 i - a scroll of immolation {unknown}
 l - 3 scrolls of teleportation {unknown}
 m - 2 scrolls of blinking {unknown}
 o - 2 scrolls of remove curse {unknown}
 w - a scroll of enchant weapon {unknown}
 z - a scroll of identify {unknown}
 C - a scroll of fog {unknown}
 D - a scroll of fear {unknown}
 H - a scroll of amnesia {unknown}
 I - 2 scrolls of magic mapping {unknown}
Potions
 j - a potion of might {unknown}
 n - a potion of lignification
 p - a potion of haste
 r - a potion of mutation {unknown}
 v - a potion of curing {unknown}
 B - a potion of magic {unknown}
 E - a potion of brilliance {unknown}
 J - a potion of flight {unknown}
Comestibles
 d - 8 rations


   Skills:
 + Level 1.6 Fighting
 + Level 1.6 Short Blades
 + Level 1.6 Long Blades
 + Level 1.6 Axes
 + Level 1.6 Maces & Flails
 + Level 1.6 Polearms
 + Level 1.6 Staves
 + Level 1.6 Slings
 + Level 1.6 Bows
 + Level 1.6 Crossbows
 + Level 1.6 Throwing
 + Level 1.6 Armour
 + Level 4.8 Dodging
 + Level 4.4 Stealth
 + Level 1.6 Shields
 + Level 1.6 Unarmed Combat
 + Level 7.3 Spellcasting
 + Level 2.4 Conjurations
 + Level 1.2 Hexes
 + Level 1.2 Charms
 + Level 2.4 Summonings
 + Level 1.2 Necromancy
 + Level 2.4 Translocations
 + Level 1.2 Transmutations
 + Level 1.2 Fire Magic
 + Level 1.2 Ice Magic
 + Level 1.2 Air Magic
 + Level 1.2 Earth Magic
 + Level 1.2 Poison Magic
 + Level 1.8 Invocations
 + Level 1.6 Evocations


You had 7 spell levels left.
You knew the following spells:

 Your Spells              Type           Power        Failure   Level  Hunger
a - Magic Dart            Conj           ###.         3%          1    None
b - Blink                 Tloc           N/A          6%          2    None
c - Call Imp              Summ           ###.....     6%          2    None
d - Conjure Flame         Conj/Fire      ##......     14%         3    #......
e - Mephitic Cloud        Conj/Pois/Air  ##......     16%         3    #......

Your spell library contained the following spells:

 Spells                   Type           Power        Failure   Level  Hunger
 Slow                     Hex            ##......     10%         2    None


Dungeon Overview and Level Annotations

Branches:
Dungeon (5/15)
 Temple: D:4-7

Altars:
Trog
Uskayaw

Annotations:
D:4 Pikel


Innate Abilities, Weirdness & Mutations

Your experience applies equally to all skills.
You have very sharp teeth.
Your uncanny sense of smell can sniff out nearby items.


Message History

The magic dart hits Pikel.
Pikel is lightly wounded.
Your white imp hits the slave but does no damage.
The slave hits the plant.
Pikel barely misses you.
You riposte.
Your unstable footing causes you to fumble your attack.
Your crimson imp hits Pikel but does no damage.
It was a potion of haste.
You feel yourself speed up.
Your white imp barely misses the slave.
The slave hits the plant but does no damage.
Pikel misses you.
You riposte.
You closely miss Pikel. Your bite misses Pikel.
Pikel is lightly wounded.
Your crimson imp hits Pikel.
It was a potion of degeneration.
There was something very wrong with that liquid.
You feel weakened.
You feel dopey.
You feel clumsy.
Your white imp barely misses the slave.
The slave hits the plant.
Pikel hits you with a whip of electrocution.
* * * LOW HITPOINT WARNING * * *
You are electrocuted!
You die...

P♣♣≈≈≈≈≈♣≈≈≈♣≈P♣♣÷...##
≈P♣≈≈♣[≈≈P≈≈≈≈≈P≈≈♣♣..#####
≈≈≈P≈≈≈(≈≈≈≈≈≈≈≈≈(≈≈P.....#
≈≈≈≈≈≈≈≈≈≈≈≈≈≈≈P≈≈≈≈≈♣....#
♣≈≈≈≈≈≈≈≈≈≈≈≈≈≈≈≈≈≈≈≈♣♣..)#
≈≈≈≈≈≈≈≈≈≈≈≈≈≈≈≈≈≈≈≈≈♣♣...#
≈≈≈≈≈≈≈≈≈≈≈≈≈≈5≈≈≈≈≈≈♣≈...#
≈♣≈≈≈≈≈≈≈≈≈≈≈5♣K≈♣≈≈♣♣.####
P≈P≈5≈≈≈≈≈≈≈≈ppP@≈P≈≈#<#
######
≈≈≈PP≈≈≈≈≈()≈≈♣≈P≈P#.#.#
#..... ♣♣♣≈≈≈P≈≈≈♣≈≈P♣≈≈♣##
#.#####.....
♣♣≈≈≈≈P≈≈≈≈♣≈♣#..∆
#.##........ #≈♣≈≈≈♣♣≈♣####
.####....##..... #####..###
)# #..#####..... ..##
#.....# ####.. .###
.##.###.#######..§ ##
..................


You could see Pikel, 2 slaves, a friendly crimson imp and a friendly white imp.

Vanquished Creatures
  A slave (D:4)
  A centaur skeleton (D:4)
  Terence (D:3)
  An orc wizard (D:5)
  A river rat (D:3)
  3 adders
  An ooze (D:1)
  2 dart slugs (D:3)
  2 leopard geckos
  5 orcs
  3 giant cockroaches
  7 goblins
  12 hobgoblins
  6 bats (D:1)
  A frilled lizard (D:1)
  3 kobolds
  4 rats
54 creatures vanquished.

Vanquished Creatures (collateral kills)
  A slave (D:4)
  An orc wizard (D:4)
  A worm (D:3)
  2 orcs (D:4)
  2 rats (D:3)
7 creatures vanquished.

Vanquished Creatures (others)
  3 plants (D:4)
3 creatures vanquished.

Grand Total: 64 creatures vanquished

Notes
Turn   | Place    | Note
-------+----------+-------------------------------------------
     0 | D:1      | TheAlmogaver the Gnoll Wizard began the quest for the Orb.
     0 | D:1      | Reached XP level 1. HP: 13/13 MP: 8/8
    19 | D:1      | Reached XP level 2. HP: 14/19 MP: 0/10
   463 | D:1      | Reached XP level 3. HP: 19/25 MP: 1/11
   467 | D:1      | Learned a level 2 spell: Blink
   470 | D:1      | Learned a level 2 spell: Call Imp
   474 | D:1      | Learned a level 3 spell: Conjure Flame
   478 | D:1      | Learned a level 3 spell: Mephitic Cloud
   878 | D:2      | Reached skill level 1 in Invocations
  1215 | D:2      | Reached skill level 1 in Fighting
  1215 | D:2      | Reached skill level 1 in Short Blades
  1215 | D:2      | Reached skill level 1 in Long Blades
  1215 | D:2      | Reached skill level 1 in Axes
  1215 | D:2      | Reached skill level 1 in Maces & Flails
  1215 | D:2      | Reached skill level 1 in Polearms
  1215 | D:2      | Reached skill level 1 in Staves
  1215 | D:2      | Reached skill level 1 in Slings
  1215 | D:2      | Reached skill level 1 in Bows
  1215 | D:2      | Reached skill level 1 in Crossbows
  1215 | D:2      | Reached skill level 1 in Throwing
  1215 | D:2      | Reached skill level 1 in Armour
  1215 | D:2      | Reached skill level 1 in Shields
  1215 | D:2      | Reached skill level 1 in Unarmed Combat
  1215 | D:2      | Reached skill level 1 in Evocations
  1215 | D:2      | Reached XP level 4. HP: 32/32 MP: 9/13
  1304 | D:2      | Found a hide-covered altar of Uskayaw.
  1494 | D:3      | Noticed Terence
  1517 | D:3      | Killed Terence
  1703 | D:3      | Reached skill level 1 in Hexes
  1703 | D:3      | Reached skill level 1 in Charms
  1703 | D:3      | Reached skill level 1 in Necromancy
  1703 | D:3      | Reached skill level 1 in Transmutations
  1703 | D:3      | Reached skill level 1 in Fire Magic
  1703 | D:3      | Reached skill level 1 in Ice Magic
  1703 | D:3      | Reached skill level 1 in Air Magic
  1703 | D:3      | Reached skill level 1 in Earth Magic
  1703 | D:3      | Reached skill level 1 in Poison Magic
  2133 | D:3      | Found a bloodstained altar of Trog.
  2625 | D:4      | Reached XP level 5. HP: 37/37 MP: 9/14
  2656 | D:4      | Noticed a slave
  2661 | D:5      | Entered Level 5 of the Dungeon
  2915 | D:4      | Killed a slave
  3373 | D:4      | Noticed a slave
  3392 | D:4      | Noticed Pikel
  3392 | D:4      | Noticed a slave
  3392 | D:4      | Noticed a slave
  3464 | D:4      | Killed a slave
  3605 | D:4      | Slain by Pikel

Skill      XL: |  1  2  3  4 |
---------------+-------------+-----
Conjurations   | 2 |  2.4
Summonings     | 2 |  2.4
Translocations | 2 |  2.4
Invocations    | 1 |  1.8
Fighting       | 1 |  1.6
Short Blades   | 1 |  1.6
Long Blades    | 1 |  1.6
Axes           | 1 |  1.6
Maces & Flails | 1 |  1.6
Polearms       | 1 |  1.6
Staves         | 1 |  1.6
Slings         | 1 |  1.6
Bows           | 1 |  1.6
Crossbows      | 1 |  1.6
Throwing       | 1 |  1.6
Armour         | 1 |  1.6
Shields        | 1 |  1.6
Unarmed Combat | 1 |  1.6
Evocations     | 1 |  1.6
Hexes          | 1 |  1.2
Charms         | 1 |  1.2
Necromancy     | 1 |  1.2
Transmutations | 1 |  1.2
Fire Magic     | 1 |  1.2
Ice Magic      | 1 |  1.2
Air Magic      | 1 |  1.2
Earth Magic    | 1 |  1.2
Poison Magic   | 1 |  1.2
Dodging        | |  4.8
Stealth        | |  4.4
Spellcasting   | |  7.3

Action                   |  1- 3 |  4- 6 || total
-------------------------+-------+-------++-------
Melee: Unarmed           |     8 |       ||     8
       Dagger            |     3 |     3 ||     6
       Bite              |       |     2 ||     2
       Falchion          |       |    17 ||    17
Throw: Stone             |       |    18 ||    18
 Cast: Magic Dart        |    70 |    86 ||   156
       Call Imp          |       |    19 ||    19
       Mephitic Cloud    |       |     3 ||     3
       Blink             |       |     2 ||     2
  Use: Potion            |       |     3 ||     3
  Eat: Chunk             |     1 |     1 ||     2
       Ration            |       |     2 ||     2
Armor: Robe              |     4 |    10 ||    14
       Animal skin       |       |     4 ||     4
       Skin              |       |     1 ||     1
Dodge: Dodged            |    18 |    46 ||    64
       Rpst.: Falchion   |       |    17 ||    17
